 Dungeon Crawl Stone Soup version 0.31-a0-1469-gd420192249 (webtiles) character file.

Game seed: 4748429530094582606

370603 jasper the Wrestler (level 21, -3/273 HPs)
             Began as a Troll Fighter on Dec 28, 2023.
             Was the Champion of Wu Jian.
             Slain by a vault warden
             ... wielding a +0 great mace
              (33 damage)
             ... on level 2 of the Vaults.
             The game lasted 01:18:57 (34676 turns).

jasper the Wrestler (Troll Fighter)                Turns: 34676, Time: 01:18:58

Health: -3/273     AC: 39    Str: 44    XL:     21   Next: 68%
Magic:  8/20       EV: 20    Int:  6    God:    Wu Jian [******]
Gold:   2085       SH:  0    Dex: 13    Spells: 12/20 levels left

rFire   + +          +
                       - Unarmed
rCold   + + .        k - +8 tower shield {AC+3}
rNeg    + . .        b - melded +5 moon troll leather armour {Spirit, Regen++ MP+5}
rPois   ∞            d - +4 hat of Distant Shores {Fly Str+3 Int-3}
rElec   +            Q - +2 cloak of Wotz {Will+ Str+3 Int+3}
rCorr   .            (gloves unavailable)
SInv    .            (boots unavailable)
Will    +++..        f - amulet of regeneration
Stlth   +            h - ring "Zoylekk" {rF+ rC+}
HPRegen 2.25/turn    L - ring of Yhateses {rElec rPois rC+ Will+}
MPRegen 0.17/turn

%: no passive effects
@: confused, statue-form, in a heavenly storm, flying, glowing, studying Ranged
Weapons, very slow
A: slow and powerful, torment resistance 1, boosted hp, large, unfitting armour,
claws 3, regeneration 1, (shaggy fur 1), (tough skin 1)
}: 2/15 runes: serpentine, barnacled
a: Begin Untransformation, Renounce Religion, Wall Jump, Serpent's Lash,
Heavenly Storm


You were on level 2 of the Vaults.
You worshipped Wu Jian.
Wu Jian was exalted by your worship.
You were a living statue of rough stone.
You visited 7 branches of the dungeon, and saw 35 of its levels.
You also visited: Ossuary, Bailey and Gauntlet.

You collected 4980 gold pieces.
You spent 2895 gold pieces at shops.

Inventory:

Missiles
 E - 3 curare-tipped darts
 J - 2 throwing nets
 P - 38 large rocks
 S - 29 boomerangs (quivered)
 W - 10 javelins
Armour
 b - the +5 moon troll leather armour (melded) {Spirit, Regen++ MP+5}
   (You bought it in a shop on level 2 of the Orcish Mines)

   MP+5:      It affects your magic capacity (+5).
   Regen++:   It increases your rate of health regeneration.
 d - the +4 hat of Distant Shores (worn) {Fly Str+3 Int-3}
   (You acquired it on level 3 of the Dungeon)

   Str+3:     It affects your strength (+3).
   Int-3:     It affects your intelligence (-3).
   Fly:       It grants you flight.
 k - a +8 tower shield of protection (worn)
 Q - the +2 cloak of Wotz (worn) {Will+ Str+3 Int+3}
   (You acquired it on level 8 of the Dungeon)

   Str+3:     It affects your strength (+3).
   Int+3:     It affects your intelligence (+3).
   Will+:     It increases your willpower.
Jewellery
 f - an amulet of regeneration (around neck)
 h - the ring "Zoylekk" (left claw) {rF+ rC+}
   (You found it in a Gauntlet)

   [ring of protection from fire]

   rF+:       It protects you from fire.
   rC+:       It protects you from cold.
 l - a ring of resist corrosion
 w - the ring of Moderation {rElec rF+ Str+6}
   (You took it off an ogre mage on level 13 of the Dungeon)

   [ring of strength]

   Str+6:     It affects your strength (+6).
   rF+:       It protects you from fire.
   rElec:     It insulates you from electricity.
 D - a ring of see invisible
 L - the ring of Yhateses (right claw) {rElec rPois rC+ Will+}
   (You found it on level 13 of the Dungeon)

   [ring of protection from cold]

   rC+:       It protects you from cold.
   rElec:     It insulates you from electricity.
   rPois:     It protects you from poison Will+: It increases your willpower.
 U - a +4 ring of slaying
 Y - a +4 ring of slaying
Talismans
 n - the granite talisman "Damm" (active) {rF++ Str+2 Dex+4}
   (You found it on level 2 of the Lair of Beasts)

   [granite talisman]

   Str+2:     It affects your strength (+2).
   Dex+4:     It affects your dexterity (+4).
   rF++:      It greatly protects you from fire.
 t - a talisman of death
Wands
 r - a wand of polymorph (7)
 s - a wand of digging (19)
 F - a wand of roots (52)
 I - a wand of mindburst (27)
 R - a wand of light (21)
 X - a wand of flame (31)
Scrolls
 a - 5 scrolls of vulnerability
 o - 2 scrolls of revelation
 p - 15 scrolls of teleportation
 x - 3 scrolls of blinking
 y - 3 scrolls of butterflies
 C - 4 scrolls of poison
 H - 3 scrolls of torment
 M - 5 scrolls of fog
 N - a scroll of immolation
 T - 4 scrolls of fear
Potions
 c - 9 potions of might
 e - 13 potions of curing
 g - 6 potions of brilliance
 i - 4 potions of enlightenment
 m - a potion of ambrosia
 q - a potion of invisibility
 u - 7 potions of lignification
 v - 2 potions of resistance
 z - 4 potions of cancellation
 A - 10 potions of mutation
 B - 13 potions of haste
 K - 3 potions of attraction
 Z - 3 potions of heal wounds
Miscellaneous
 j - a condenser vane
 G - a phial of floods
 O - a sack of spiders


   Skills:
 + Level 13.1 Fighting
 - Level 3.0 Throwing
 - Level 10.0 Dodging
 + Level 14.1 Shields
 * Level 22.7 Unarmed Combat
 - Level 7.0 Translocations
 - Level 9.0 Air Magic
 + Level 18.0 Shapeshifting


You had 12 spell levels left.
You knew the following spells:

 Your Spells              Type           Power      Damage    Failure   Level
a - Blink                 Tloc           16%        N/A       8%          2
b - Swiftness             Air            10%        N/A       6%          3
c - Passwall              Erth           0%         N/A       95%         3

Your spell library contained the following spells:

 Spells                   Type           Power      Damage    Failure   Level
 Lesser Beckoning         Tloc           16%        N/A       8%          2
 Momentum Strike          Conj/Tloc      8%         3d8       30%         2
 Manifold Assault         Tloc           8%         N/A       43%         4
 Passage of Golubria      Tloc           8%         N/A       43%         4
 Mephitic Cloud           Conj/Alch/Air  3%         N/A       58%         3
 Magic Dart               Conj           0%         1d3       65%         1
 Sandblast                Erth           0%         2d4       65%         1
 Call Imp                 Summ           0%         N/A       78%         2
 Ensorcelled Hibernation  Hex/Ice        0%         N/A       78%         2
 Searing Ray              Conj           0%         2d4       78%         2
 Summon Lightning Spire   Summ/Air       5%         N/A       80%         4
 Dimensional Bullseye     Hex/Tloc       2%         N/A       90%         4
 Call Canine Familiar     Summ           0%         N/A       95%         3
 Dazzling Flash           Conj/Hex       0%         N/A       95%         3
 Fugue of the Fallen      Necr           0%         N/A       95%         3
 Sigil of Binding         Hex            0%         N/A       95%         3
 Stone Arrow              Conj/Erth      0%         3d7       95%         3
 Tukima's Dance           Hex            0%         N/A       95%         3
 Silence                  Hex/Air        2%         N/A       98%         5
 Summon Forest            Summ/Tloc      2%         N/A       99%         5
 Anguish                  Hex/Necr       0%         N/A       100%        4
 Animate Armour           Summ/Erth      0%         N/A       100%        4
 Animate Dead             Necr           0%         N/A       100%        4
 Brom's Barrelling Bould  Conj/Erth      0%         2d3       100%        4
 Fulminant Prism          Conj/Alch      0%         3d5       100%        4
 Leda's Liquefaction      Alch/Erth      0%         N/A       100%        4
 Alistair's Intoxication  Alch           0%         N/A       100%        5
 Borgnjor's Vile Clutch   Necr/Erth      0%         N/A       100%        5
 Curse of Agony           Necr           0%         N/A       100%        5
 Iskenderun's Battlesphe  Conj           0%         2d6       100%        5
 Lee's Rapid Deconstruct  Erth           0%         3d4*      100%        5
 Summon Mana Viper        Hex/Summ       0%         N/A       100%        5
 Yara's Violent Unravell  Hex/Alch       0%         3d3       100%        5
 Bombard                  Conj/Erth      0%         9d1       100%        6
 Death Channel            Necr           0%         N/A       100%        6
 Dispersal                Tloc           4%         N/A       100%        6
 Eringya's Noxious Bog    Alch           0%         4d6       100%        6
 Summon Cactus Giant      Summ           0%         N/A       100%        6
 Haunt                    Necr/Summ      0%         N/A       100%        7
 Summon Hydra             Summ           0%         N/A       100%        7
 Borgnjor's Revivificati  Necr           0%         N/A       100%        8
 Disjunction              Tloc           4%         N/A       100%        8
 Chain Lightning          Conj/Air       2%         3d3       100%        9
 Death's Door             Necr           0%         N/A       100%        9
 Fire Storm               Conj/Fire      0%         5d1       100%        9
 Shatter                  Erth           0%         3d5*      100%        9


Dungeon Overview and Level Annotations

Branches:
Dungeon (15/15)            Temple (0/1) D:4            Lair (5/5) D:9
 Shoals (4/4) Lair:3        Snake (4/4) Lair:3        Slime (0/5) Lair:5
    Orc (2/2) D:12            Elf (3/3) Orc:2        Vaults (2/5) D:13
 Depths (0/4) D:15        Ossuary (visited)          Bailey (visited)
Gauntlet (visited)
  Crypt: Vaults:2-3

Altars:
Ashenzari
Elyvilon
Fedhas
Gozag
Hepliaklqana
Kikubaaqudgha
Okawaru
Qazlal
Ru
Sif Muna
Vehumet
Wu Jian
Xom
Zin
The Shining One
Jiyva

Shops:
D:4 ?   D:8 ?   Orc:1 :   Orc:2 :([   Snake:1 (

Annotations:
D:9 3 runed translucent doors, grandjackal's ghost, journeyman OnWr
Shoals:2 1 runed translucent door, Onluw's ghost, adept DsWn
Vaults:2 Norris


Innate Abilities, Weirdness & Mutations

You are a living statue of rough stone.
Your actions are slow, but your melee attacks are powerful.
You are resistant to unholy torment.
Your maximum health is greatly increased.
Your equipment is partially melded.
You are too large for most types of armour.
You are immune to poison.
You have claws for hands.
Your natural rate of healing is unusually fast.
((You are covered in fur. (AC +1)))
((You have tough skin. (AC +1)))


Message History

You kill the ironbound thunderhulk!
The Council accepts your kill.
You hear a splash. x2
You feel ready to blink again.
Norris hits you with a +1 demon trident of venom!!
* * * LOW HITPOINT WARNING * * *
You block the ironbound convoker's attack.
Norris calls down the wrath of his god upon you.
You block the torrent of water.
The wave splashes down.
The ironbound convoker misses you.
You take 25 damage, and have 55/273 hp.
You spin and attack the ironbound convoker repeatedly.
You claw the ironbound convoker!
The ironbound convoker is moderately wounded.
You mangle the ironbound convoker!!
The ironbound convoker is severely wounded.
Norris invokes the aid of his god against you.
Something gnaws on your mind!
* * * LOW HITPOINT WARNING * * *
You feel your power leaking away.
You block the ironbound convoker's attack.
You take 4 damage, and have 51/273 hp.
You now have 7/20 mp.
Unknown command.
You spin and attack the vault warden repeatedly.
You barely miss the vault warden.
The vault warden is heavily wounded.
You scratch the vault warden.
The vault warden is severely wounded.
You spin and attack the ironbound convoker.
You eviscerate the ironbound convoker!!!
You kill the ironbound convoker!
The Council accepts your kill.
Norris hits you from afar with a +1 demon trident of venom!!
* * * LOW HITPOINT WARNING * * *
You are afflicted by dizzying energies!
You are confused.
The ironbound convoker begins to recite a word of recall!
Norris completely misses you.
The vault warden hits you with a +0 great mace!!
You die...

#####....'...)#..#...#...
#..#.##.#....##'#...#...
#..'.##.#...........'.[.
####....#############...
#+####### ########
#°○~☼...# #.......
#☼§@§○§.# #.......
#○p°p☼§.# #.......
#○p°8○☼.# #.......
#○☼☼○☼§.# #.......
#☼○☼§○§.# #.....##
#####+### #.....# #.....#
#.....# #.....# #.....#
#.....#


You could see Norris (strong), a vault warden (strong) and 2 ironbound
convokers.

Vanquished Creatures
  Vashnia (Snake:4)
  2 deep elf blademasters (Elf:3)
  2 deep elf master archers (Elf:3)
  7 sphinxes (Elf:2)
  4 krakens
  Aizul (Shoals:2)
  4 nagarajas (Snake:4)
  Ilsuiw (Shoals:2)
  4 deep elf elementalists
  8 deep elf sorcerers
  An orc warlord (Orc:1)
  An angel (Shoals:4)
  6 vault wardens
  The ghost of Atlas the Thaumaturge, a journeyman DsFE of Vehumet (Lair:5)
  8 ironbound preservers
  The ghost of SirDiesAlot the Earth Mage, a journeyman OpEE of Gozag (Elf:2)
  A formless jellyfish (Vaults:2)
  5 ironbound thunderhulks
  An apis (Shoals:4)
  9 deep elf death magi (Elf:3)
  6 deep elf demonologists (Elf:3)
  2 dire elephants
  7 deep elf annihilators
  2 minotaurs
  2 ettins
  The ghost of Poirhunoest the Peltast, a journeyman HuSu of Sif Muna (Lair:2)
  A merfolk javelineer (Shoals:4)
  12 merfolk impalers
  Josephine (Lair:4)
  8 yaktaur captains
  An entropy weaver (Vaults:2)
  5 fire dragons
  2 deep elf high priests (Elf:3)
  The ghost of Ukasumac the Mimic, a journeyman DgSh (Lair:1)
  13 hydras
  3 great orbs of eyes
  An ice dragon (Snake:4)
  A rakshasa (D:15)
  Erica (D:8)
  2 ogre magi
  11 centaur warriors
  4 salamander tyrants
  2 merfolk avatars
  5 ironbound frosthearts
  3 vault guards
  5 catoblepae
  10 anacondas
  6 boulder beetles
  11 two-headed ogres
  A satyr (Shoals:3)
  2 alligator snapping turtles
  8 death yaks
  29 naga warriors
  6 merfolk aquamancers
  A deep troll shaman (Lair:5)
  38 dancing weapons
  3 tengu warriors
  An orc high priest (Orc:2)
  22 deep elf knights
  11 naga sharpshooters
  6 skysharks
  A fire crab (D:13)
  10 shock serpents
  A skeletal warrior (D:12)
  A death drake (Gauntlet)
  A salamander mystic (Snake:2)
  A death drake (shapeshifter) (D:15)
  21 deep trolls
  2 cherubim (Shoals:4)
  8 sea snakes
  7 naga ritualists
  10 deep elf archers
  8 ironbound convokers
  5 arcanists
  2 lindwurms
  4 orc knights (Orc:2)
  21 deep elf zephyrmancers
  3 necromancers
  19 deep elf pyromancers
  23 harpies
  7 mana vipers
  A harpy (shapeshifter) (D:15)
  A wolf spider (D:13)
  A tengu zombie (Vaults:2)
  6 orc sorcerers
  An oklob plant (Gauntlet)
  14 ugly things
  17 fauns
  15 salamanders
  11 cyclopes
  23 manticores
  Joseph (D:8)
  2 kobold blastminers (Orc:1)
  9 merfolk sirens
  43 elephants
  A human skeleton (Vaults:2)
  6 guardian serpents
  12 naga magi
  6 water nymphs
  2 spectral centaurs (Gauntlet)
  35 black mambas
  5 vault sentinels
  2 torpor snails
  5 gargoyles
  An unseen horror (D:11)
  A cane toad (shapeshifter) (Elf:2)
  13 cane toads
  17 yaktaurs
  3 kobold demonologists
  11 komodo dragons
  5 tengu conjurers
  8 rime drakes
  21 merfolk
  A queen bee (shapeshifter) (Elf:3)
  16 trolls
  6 wind drakes
  6 saltlings (Orc:2)
  3 polar bears
  Grinder (D:6)
  A tarantella (Vaults:2)
  A hornet (D:11)
  17 dream sheep
  6 snapping turtles
  A blink frog (Lair:4)
  7 slime creatures
  Sigmund (D:4)
  A spriggan (Lair:4)
  5 vampires
  15 water elementals
  5 air elementals
  5 wraiths
  A fire elemental (Elf:1)
  3 wyverns (Lair:3)
  An elf zombie (Vaults:2)
  4 shadows
  Eustachio (D:4)
  59 yaks
  A yak (shapeshifter) (Elf:2)
  6 basilisks
  An ettin skeleton (Vaults:2)
  3 wargs
  3 vampire mosquitoes (D:12)
  3 steam dragons
  A catoblepas simulacrum (Lair:5)
  An acid dragon (shapeshifter) (D:13)
  71 nagas
  Edmund (D:4)
  2 acid dragons (Gauntlet)
  2 hydra simulacra (Lair:5)
  Duvessa (D:7)
  A glowing shapeshifter skeleton (Vaults:2)
  3 hell hounds (Elf:2)
  20 water moccasins
  27 orc warriors
  9 black bears
  An ice beast (D:5)
  A black mamba simulacrum (Lair:5)
  7 ogres
  14 wolves
  9 centaurs
  5 kobold brigands
  A phantom (D:6)
  17 bullfrogs
  3 gnoll sergeants
  4 water moccasin zombies (Ossuary)
  A cane toad simulacrum (Lair:5)
  A burial acolyte (Ossuary)
  Dowan (D:7)
  29 killer bees
  6 vampire bats (Bailey)
  8 wolf zombies (Bailey)
  8 howler monkeys
  3 bombardier beetles
  A torpor snail simulacrum (Lair:5)
  6 hounds
  A gnoll bouda (D:4)
  A jelly (D:7)
  10 orc priests
  A sleepcap (D:5)
  A spectral scorpion (Ossuary)
  6 iguanas
  22 orc wizards
  10 hell rats
  A bullfrog simulacrum (Ossuary)
  A crocodile zombie (Ossuary)
  2 mummies (Ossuary)
  30 gnolls
  3 adders
  4 ufetubi
  2 adder zombies (Ossuary)
  A worm (D:2)
  8 dart slugs
  77 orcs
  10 ball pythons
  2 bat skeletons (D:15)
  3 bat zombies (D:15)
  5 endoplasms
  3 giant cockroaches
  8 gnoll zombies (Ossuary)
  7 goblins
  6 hobgoblins
  A quokka (D:4)
  3 bats
  A frilled lizard (D:2)
  A jackal zombie (Ossuary)
  11 kobolds
  20 orc zombies
  3 rats
  A spectral hobgoblin (D:7)
  3 tentacles (Shoals:2)
1497 creatures vanquished.

Vanquished Creatures (others)
  A hydra (Elf:2)
  A mana viper (Snake:2)
  An ugly thing (Vaults:2)
  A wraith (D:8)
  A wyvern (D:8)
  15 tentacles
20 creatures vanquished.

Grand Total: 1517 creatures vanquished

Notes
Turn   | Place    | Note
-------+----------+-------------------------------------------
     0 | D:1      | jasper the Troll Fighter began the quest for the Orb.
     0 | D:1      | Reached XP level 1. HP: 22/22 MP: 0/0
   236 | D:1      | Reached XP level 2. HP: 29/29 MP: 1/1
   735 | D:2      | Reached XP level 3. HP: 34/36 MP: 2/2
   885 | D:2      | Found a glowing golden altar of the Shining One.
  1126 | D:2      | You fall into a shaft and drop 2 floors!
  1136 | D:3      | Found a faded altar of an unknown god.
  1140 | D:3      | Prayed at the altar of an unknown god.
  1140 | D:3      | Became a worshipper of the Wu Jian Council
  1140 | D:3      | Reached * piety under Wu Jian
  1173 | D:3      | Reached skill level 3 in Unarmed Combat
  1607 | D:2      | Reached XP level 4. HP: 33/44 MP: 3/3
  1943 | D:3      | Identified a scroll of acquirement
  1943 | D:3      | Acquired the +4 hat of Distant Shores {Fly Str+3 Int-3}
  2151 | D:3      | Reached ** piety under Wu Jian
  2152 | D:3      | Reached skill level 4 in Unarmed Combat
  2152 | D:3      | Reached XP level 5. HP: 53/53 MP: 4/4
  2184 | D:3      | Found a stormy altar of Qazlal.
  2252 | D:3      | Found a shimmering blue altar of Sif Muna.
  2253 | D:3      | Found a shimmering altar of Xom.
  2253 | D:3      | Found an iron altar of Okawaru.
  2428 | D:3      | Found an ancient bone altar of Kikubaaqudgha.
  2466 | D:4      | Noticed a black bear
  2483 | D:4      | Reached XP level 6. HP: 56/61 MP: 5/5
  2490 | D:4      | Reached skill level 5 in Unarmed Combat
  2556 | D:4      | Noticed Sigmund
  2568 | D:4      | Killed Sigmund
  2569 | D:4      | Reached XP level 7. HP: 62/68 MP: 6/6
  2606 | D:4      | Noticed Eustachio
  2622 | D:4      | Killed Eustachio
  2623 | D:4      | Reached skill level 6 in Unarmed Combat
  2666 | D:4      | Found Desusiq's Magic Scroll Emporium.
  2747 | D:4      | Noticed Edmund
  2767 | D:4      | Killed Edmund
  2875 | D:4      | Found a staircase to the Ecumenical Temple.
  3021 | D:4      | Bought a scroll of teleportation for 33 gold pieces
  3132 | D:5      | Entered Level 5 of the Dungeon
  3179 | D:5      | Found a sand-covered staircase.
  3186 | Ossuary  | Entered an ossuary
  3204 | Ossuary  | Reached skill level 5 in Shields
  3236 | Ossuary  | Reached XP level 8. HP: 79/79 MP: 7/7
  3257 | Ossuary  | Reached skill level 7 in Unarmed Combat
  3266 | Ossuary  | Reached *** piety under Wu Jian
  3428 | D:5      | Found a broken altar of Ashenzari.
  3473 | D:5      | Reached skill level 5 in Fighting
  3525 | D:5      | Reached skill level 8 in Unarmed Combat
  4202 | D:6      | Reached XP level 9. HP: 88/88 MP: 8/8
  4334 | D:6      | Noticed Grinder
  4350 | D:6      | Killed Grinder
  4351 | D:6      | Reached skill level 9 in Unarmed Combat
  4425 | D:6      | Found a sacrificial altar of Ru.
  4468 | D:6      | Identified the +0 ring mail "Finnu" {Str+3}
  4782 | D:8      | Found Tiutiom's Magic Scroll Shop.
  4791 | D:8      | Bought a scroll of teleportation for 33 gold pieces
  4791 | D:8      | Bought a scroll of revelation for 82 gold pieces
  4871 | D:8      | Bought a scroll of butterflies for 44 gold pieces
  4897 | D:8      | Noticed Joseph
  4921 | D:8      | Killed Joseph
  4922 | D:8      | Reached skill level 10 in Unarmed Combat
  5244 | D:8      | Noticed Erica
  5267 | D:8      | Killed Erica
  5268 | D:8      | Reached XP level 10. HP: 40/100 MP: 9/9
  5373 | D:8      | Found a glowing silver altar of Zin.
  5374 | D:8      | Found an opulent altar of Gozag.
  5443 | D:8      | Reached **** piety under Wu Jian
  5860 | D:9      | Found a radiant altar of Vehumet.
  5929 | D:9      | Found a staircase to the Lair.
  6149 | D:9      | Reached skill level 11 in Unarmed Combat
  6191 | D:9      | Found a white marble altar of Elyvilon.
  6354 | D:9      | Found a blossoming altar of Fedhas.
  6429 | D:9      | Reached ***** piety under Wu Jian
  6507 | D:9      | Found a runed translucent gate.
  6507 | D:9      | Found a runed translucent gate.
  6507 | D:9      | Found a runed translucent gate.
  6507 | D:9      | Noticed grandjackal's ghost (journeyman OnWr)
  6804 | D:7      | Found a hazy altar of Hepliaklqana.
  6877 | D:7      | Noticed Duvessa
  6878 | D:7      | Noticed Dowan
  6897 | D:7      | Killed Duvessa
  6904 | D:7      | Killed Dowan
  7362 | D:10     | Entered Level 10 of the Dungeon
  7402 | D:10     | Found a flagged portal.
  7413 | Bailey   | Entered a bailey
  7579 | Bailey   | Noticed a gargoyle
  7587 | Bailey   | Killed a gargoyle
  7646 | Bailey   | Identified the +0 leather armour of the Equator {+Inv
                  | rCorr}
  7887 | D:10     | Reached XP level 11. HP: 84/109 MP: 10/10
  7891 | D:10     | Reached skill level 12 in Unarmed Combat
  8434 | D:10     | Noticed a two-headed ogre
  8445 | D:10     | Killed a two-headed ogre
  8888 | D:11     | Acquired 388 gold pieces
  9001 | D:8      | Bought a scroll of acquirement for 572 gold pieces
  9001 | D:8      | Acquired the +2 cloak of Wotz {Will+ Str+3 Int+3}
  9514 | D:11     | Noticed a white ugly thing
  9520 | D:11     | Killed a white ugly thing
  9694 | D:12     | Noticed a green ugly thing
  9702 | D:11     | Killed a green ugly thing
  9786 | Lair:1   | Entered Level 1 of the Lair of Beasts
  9866 | Lair:1   | Reached skill level 1 in Throwing
  9866 | Lair:1   | Reached skill level 5 in Dodging
  9970 | Lair:1   | Reached skill level 13 in Unarmed Combat
 10357 | Lair:1   | Noticed Ukasumac's ghost (journeyman DgSh)
 10358 | Lair:1   | Noticed a minotaur
 10383 | Lair:1   | Reached XP level 12. HP: 120/120 MP: 11/11
 10594 | Lair:1   | Found a runed translucent gate.
 10596 | Lair:1   | Found a runed translucent gate.
 10597 | Lair:1   | Found a runed translucent gate.
 10788 | Lair:1   | Noticed a four-headed hydra
 10798 | Lair:1   | Killed an 11-headed hydra
 10984 | Lair:1   | Killed Ukasumac's ghost
 11009 | Lair:1   | Killed a minotaur
 11072 | Lair:2   | Reached skill level 14 in Unarmed Combat
 11155 | Lair:2   | Noticed a five-headed hydra
 11157 | Lair:2   | Noticed a five-headed hydra
 11163 | Lair:2   | Noticed a seven-headed hydra
 11164 | Lair:2   | Noticed a catoblepas
 11182 | Lair:2   | Killed a 12-headed hydra
 11468 | D:12     | Identified the +8 quarterstaff "Yxzum" {protect, *Corrode
                  | ^Fragile rN+++ SInv}
 11660 | D:12     | Found a staircase to the Orcish Mines.
 11706 | D:12     | Noticed a two-headed ogre
 11711 | D:12     | Killed a two-headed ogre
 11817 | D:12     | Noticed a boulder beetle
 11842 | D:12     | Killed a boulder beetle
 11843 | D:12     | Reached skill level 10 in Shields
 11869 | D:12     | Noticed a boulder beetle
 11893 | D:12     | Killed a boulder beetle
 11894 | D:12     | Reached XP level 13. HP: 120/131 MP: 9/12
 12079 | D:12     | Reached skill level 15 in Unarmed Combat
 12617 | Orc:1    | Entered Level 1 of the Orcish Mines
 12624 | Orc:1    | Noticed an orc warlord
 12662 | Orc:1    | Killed an orc warlord
 12683 | Orc:1    | Noticed an ettin
 12693 | Orc:1    | Killed an ettin
 12696 | Orc:2    | Entered Level 2 of the Orcish Mines
 13219 | Orc:2    | Found Lintumi's Armour Shoppe.
 13334 | Orc:2    | Reached skill level 10 in Fighting
 13341 | Orc:2    | Found Niariets's Weapon Shoppe.
 13343 | Orc:2    | Reached skill level 16 in Unarmed Combat
 13349 | Orc:2    | Found Ylum's Book Shoppe.
 13423 | Orc:2    | Reached ****** piety under Wu Jian
 13524 | Orc:2    | Found Zisoaroxku's Distillery.
 13711 | Orc:2    | Found a staircase to the Elven Halls.
 14018 | Orc:1    | Reached XP level 14. HP: 124/143 MP: 10/13
 14169 | Orc:1    | Found Kuyvage's Book Shop.
 14270 | Orc:2    | Bought the +5 moon troll leather armour {Spirit, Regen++
                  | MP+5} for 1011 gold pieces
 14270 | Orc:2    | Found the +5 moon troll leather armour {Spirit, Regen++
                  | MP+5}
 14897 | Lair:2   | Found a runed translucent door.
 14899 | Lair:2   | Noticed Poirhunoest's ghost (journeyman HuSu)
 15787 | Lair:2   | Killed Poirhunoest's ghost
 15788 | Lair:2   | Identified the granite talisman "Damm" {rF++ Str+2 Dex+4}
 15885 | Lair:3   | Reached skill level 1 in Shapeshifting
 16113 | Lair:3   | Found a staircase to the Shoals.
 16380 | Lair:3   | Reached skill level 5 in Shapeshifting
 16722 | Lair:3   | Identified the +1 rapier "Cetoimap" {freeze, *Slow rN+
                  | Will+}
 16930 | Lair:3   | Found a staircase to the Snake Pit.
 17054 | Lair:4   | Found a gate leading to a gauntlet.
 17064 | Gauntlet | Entered a Gauntlet
 17064 | Gauntlet | Found a transporter.
 17064 | Gauntlet | Found a transporter.
 17068 | Gauntlet | Found a transporter.
 17068 | Gauntlet | Found a transporter.
 17082 | Gauntlet | Found a transporter.
 17091 | Gauntlet | Found a transporter.
 17097 | Gauntlet | Found a large runed translucent door.
 17098 | Gauntlet | Found a large runed translucent door.
 17100 | Gauntlet | Found a runed translucent gate.
 17101 | Gauntlet | Found a transporter.
 17101 | Gauntlet | Found a transporter.
 17101 | Gauntlet | Found a runed translucent gate.
 17105 | Gauntlet | Found a transporter.
 17109 | Gauntlet | Found a runed translucent gate.
 17111 | Gauntlet | Found a large runed translucent door.
 17112 | Gauntlet | Found a large runed translucent door.
 17123 | Gauntlet | Found a large runed translucent door.
 17124 | Gauntlet | Found a large runed translucent door.
 17124 | Gauntlet | Found a large runed translucent door.
 17124 | Gauntlet | Found a large runed translucent door.
 17132 | Gauntlet | Found a transporter.
 17135 | Gauntlet | Found a large runed translucent door.
 17135 | Gauntlet | Found a large runed translucent door.
 17135 | Gauntlet | Found a runed translucent door.
 17135 | Gauntlet | Found a runed translucent door.
 17136 | Gauntlet | Found a large runed translucent door.
 17137 | Gauntlet | Found a large runed translucent door.
 17139 | Gauntlet | Found a transporter.
 17157 | Gauntlet | Found a transporter.
 17203 | Gauntlet | Found a transporter.
 17218 | Gauntlet | Found a transporter.
 17234 | Gauntlet | Found a large runed translucent door.
 17234 | Gauntlet | Found a large runed translucent door.
 17235 | Gauntlet | Found a large runed translucent door.
 17236 | Gauntlet | Found a large runed translucent door.
 17322 | Gauntlet | Found a transporter.
 17336 | Gauntlet | Found a transporter.
 17554 | Gauntlet | Identified the ring "Zoylekk" {rF+ rC+}
 17797 | Lair:4   | Reached XP level 15. HP: 152/152 MP: 14/14
 18484 | Lair:4   | Noticed Josephine
 18508 | Lair:4   | Killed Josephine
 18509 | Lair:4   | Reached skill level 10 in Shapeshifting
 18562 | Lair:5   | Entered Level 5 of the Lair of Beasts
 18585 | Lair:5   | Reached XP level 16. HP: 159/159 MP: 15/15
 19080 | Lair:5   | Found a runed translucent gate.
 19081 | Lair:5   | Found a runed translucent gate.
 19082 | Lair:5   | Found a runed translucent gate.
 19334 | Lair:5   | Noticed Atlas's ghost (journeyman DsFE)
 19507 | Lair:5   | Found a viscous altar of Jiyva.
 19513 | Lair:5   | Found a staircase to the Slime Pits.
 19796 | Lair:5   | Killed Atlas's ghost
 19826 | Lair:5   | Identified the amulet "Xynijath" {Reflect +Inv rElec rPois
                  | Slay-2 SH+5}
 20410 | D:13     | Found a gate to the Vaults.
 20537 | D:13     | Found a runed translucent door.
 20665 | D:13     | Identified the ring of Moderation {rElec rF+ Str+6}
 20778 | D:13     | Identified the ring of Sloth {Str+4 Dex+6}
 20788 | D:13     | Identified the amulet "Vacsiruj" {Spirit +Inv}
 20792 | D:13     | Identified the ring of Yhateses {rElec rPois rC+ Will+}
 21785 | D:15     | Entered Level 15 of the Dungeon
 21792 | D:15     | Reached skill level 15 in Shapeshifting
 21792 | D:15     | Reached XP level 17. HP: 159/167 MP: 16/16
 22217 | D:15     | Found a staircase to the Depths.
 22455 | D:15     | Found an ancient bone altar of Kikubaaqudgha.
 22793 | Snake:1  | Entered Level 1 of the Snake Pit
 22923 | Snake:1  | Found Quenin's Antique Weapon Emporium.
 23849 | Snake:2  | Reached skill level 17 in Unarmed Combat
 24581 | Snake:3  | Identified the amulet "Otirr" {Spirit +Inv rN+ Stlth+}
 24737 | Snake:3  | Identified the +5 flail of Big Damage {drain, rPois}
 25112 | Snake:4  | Entered Level 4 of the Snake Pit
 25148 | Snake:4  | Reached XP level 18. HP: 179/179 MP: 17/17
 25221 | Snake:4  | Identified the +0 pair of gloves "Hogoq" {Will+}
 25447 | Snake:4  | Noticed Vashnia
 25448 | Snake:4  | Reached skill level 18 in Unarmed Combat
 25458 | Snake:4  | Killed Vashnia
 25903 | Snake:4  | Got a serpentine rune of Zot
 26344 | Orc:2    | Bought a manual of Unarmed Combat for 1120 gold pieces
 26638 | Shoals:1 | Entered Level 1 of the Shoals
 27230 | Shoals:1 | Learned a level 2 spell: Blink
 27234 | Shoals:1 | Learned a level 3 spell: Swiftness
 27238 | Shoals:1 | Learned a level 3 spell: Passwall
 27398 | Shoals:2 | Noticed Ilsuiw
 27407 | Shoals:2 | Reached skill level 1 in Translocations
 27414 | Shoals:2 | Reached skill level 1 in Air Magic
 27422 | Shoals:2 | Killed Ilsuiw
 27571 | Shoals:2 | Found a runed translucent door.
 27579 | Shoals:2 | Found a shimmering altar of Xom.
 27579 | Shoals:2 | Noticed Onluw's ghost (adept DsWn)
 27579 | Shoals:2 | Identified the +4 executioner's axe of the Badger {chaos,
                  | rC+ Will+ rCorr Int+3}
 27853 | Shoals:2 | Identified the serpent talisman of the Orange Skies
                  | {+Blink}
 27853 | Shoals:2 | Noticed Aizul
 27864 | Shoals:2 | Killed Aizul
 28242 | Shoals:3 | Reached XP level 19. HP: 188/188 MP: 18/18
 28269 | Shoals:3 | Reached skill level 5 in Translocations
 28883 | Shoals:4 | Entered Level 4 of the Shoals
 29005 | Shoals:4 | Found a glowing golden altar of the Shining One.
 29032 | Shoals:4 | Got a barnacled rune of Zot
 29112 | Shoals:4 | Found a glowing silver altar of Zin.
 29273 | Shoals:4 | Found a white marble altar of Elyvilon.
 29276 | Shoals:4 | Identified the +0 scimitar of Baocloar {freeze, rC++}
 29284 | Shoals:4 | Reached skill level 5 in Air Magic
 29966 | Elf:1    | Entered Level 1 of the Elven Halls
 29972 | Elf:1    | Paralysed by an air elemental for 1 turns
 29975 | Elf:1    | Paralysed by an air elemental for 1 turns
 30307 | Elf:1    | You are sucked into a shaft and drop 1 floor!
 30355 | Elf:2    | Found a runed translucent gate.
 30355 | Elf:2    | Found a runed translucent gate.
 30356 | Elf:2    | Found a runed translucent gate.
 30380 | Elf:2    | Reached XP level 20. HP: 197/197 MP: 19/19
 30393 | Elf:2    | Found a large runed translucent door.
 30393 | Elf:2    | Found a large runed translucent door.
 30393 | Elf:2    | Noticed SirDiesAlot's ghost (journeyman OpEE)
 30998 | Elf:2    | Reached skill level 19 in Unarmed Combat
 31019 | Elf:2    | Reached skill level 10 in Dodging
 32052 | Elf:2    | Killed SirDiesAlot's ghost
 32054 | Elf:2    | Identified the staff "Ijo Hopro" {rN+ rCorr Stlth- Conj
                  | Necro}
 32079 | Elf:3    | Entered Level 3 of the Elven Halls
 32097 | Elf:3    | Got Further Progress in Spellcasting
 32203 | Elf:3    | Reached skill level 20 in Unarmed Combat
 32357 | Elf:3    | Paralysed by an air elemental for 1 turns
 32568 | Elf:3    | Identified the ring "Rourhymo" {Ice Fly Dex-2 Slay+2}
 32586 | Elf:3    | Identified the +4 dagger "Iser" {antimagic, rF+ rCorr}
 32608 | Elf:3    | Reached skill level 21 in Unarmed Combat
 32685 | Elf:3    | Identified the +8 halberd of Tumult {flame, rC+}
 32695 | Elf:3    | Identified the +8 great sword of Currency {flame, rPois
                  | Int+2 Dex+3}
 32738 | Elf:3    | Identified the +3 glaive of Foolhardiness {heavy, rElec rF+
                  | SInv Stlth+}
 32746 | Elf:3    | Identified the staff of the Summoning Gods {rPois rC+ Will+
                  | Stlth+ Ice}
 32998 | Vaults:1 | Entered Level 1 of the Vaults
 33006 | Vaults:1 | Reached XP level 21. HP: 208/208 MP: 20/20
 33676 | Vaults:1 | Reached skill level 22 in Unarmed Combat
 34662 | Vaults:2 | Noticed Norris
 34676 | Vaults:2 | Slain by a vault warden

Illustrated notes

Levels and vault maps discovered:
D:1:      lemuel_arrival_rhombus, layout_basic
D:2:      layout_loops_corners, basic_altar, kennysheep_generic_room_2
D:3:      layout_rooms, gammafunk_temple_overflow_forgotten,
          grunt_qazlal_sundering, mainiacjoe_overflow_alcove_2,
          ebering_ecumenical_altar_box
D:4:      layout_rooms, lemuel_temple_firewalk_a, nicolae_inconvenience_store,
          uniq_eustachio, uniq_edmund, uniq_sigmund
D:5:      layout_loops_cross, cheibrodos_ashenzari_chains,
          nicolae_ossuary_entry_monument
D:6:      layout_rooms, kennysheep_mini, st_stairs_14,
          minmay_misc_feat_more_columns, minivault_25, uniq_grinder
D:7:      layout_basic, nicolae_hepliaklqana_monster_ancestors,
          minmay_manual_mares, uniq_duvessa
D:8:      layout_loops_corners, grunt_temple_overflow_gold_and_silver,
          serial_shops, shop, uniq_erica, uniq_joseph
D:9:      layout_roguey, mainiacjoe_overflow_24_doors,
          nicolae_elyvilon_temple_path, lemuel_tele_altar,
          gammafunk_ghost_spectres
D:10:     layout_long_grid, enter_bailey_3, minmay_fractal_squares_gapless_5
D:11:     layout_loops_corners
D:12:     minmay_thinvault, layout_gridville, erik_orc_3
D:13:     minmay_the_grid_triangle_9x9_rhombus_full
          [minmay_the_grid_triangle_9x9_descending_squares,
          minmay_the_grid_triangle_9x9_subtriangle,
          minmay_the_grid_triangle_9x9_zippers_vertical,
          minmay_the_grid_triangle_9x9_corrupted_corridor,
          minmay_the_grid_triangle_9x9_warning,
          minmay_the_grid_triangle_9x9_odd_lines,
          minmay_the_grid_triangle_9x9_empty,
          minmay_the_grid_triangle_9x9_prize_special], layout_cave_pools,
          minmay_misc_feat_ornament, onia_ninara_dug_in_and_dangerous
D:14:     layout_irregular_city
D:15:     hangedman_depths_entry_civil_slaughter, layout_long_grid,
          nicolae_concentric_dashed_squares_wild, kennysheep_vampire_church
Lair:1:   cheibrodos_lair_river_kwai, layout_loops_ring,
          maelrawn_ghost_gauntlet_escape
Lair:2:   layout_layer_cave, gammafunk_ghost_grave, grunt_megastairs_5
Lair:3:   nzn_winding_woodlands_stair_cross [nzn_winding_woodlands_5x15_jagged,
          nzn_winding_woodlands_center_lodge, nzn_winding_woodlands_5x15_pool,
          nzn_winding_woodlands_5x5_default,
          nzn_winding_woodlands_5x5_perimeter,
          nzn_winding_woodlands_5x15_lazy_stream,
          nzn_winding_woodlands_center_diamonds,
          nzn_winding_woodlands_5x15_split_checker], layout_regular_city,
          minmay_shoals_entry_beasts, nicolae_snake_entry_squirm
Lair:4:   mu_elephants_graveyard, layout_cave_pods, gauntlet_entry_generic,
          beast_lair_carwin_6, uniq_josephine
Lair:5:   grunt_lair_end_beastmaster, layout_cave_pods, dpeg_slime_entry_corner,
          gammafunk_ghost_icy, grunt_forest_small_clearings,
          serial_bayou_shore_b
Shoals:1: layout_shoals
Shoals:2: layout_shoals, ebering_ghost_xom, uniq_ilsuiw, uniq_aizul
Shoals:3: layout_shoals
Shoals:4: shoals_end_hellmonk_holy_island
Snake:1:  layout_onion_interference, serial_shops, shop
Snake:2:  layout_gridlike, nicolae_triple_integral, grunt_megastairs_4
Snake:3:  layout_onion
Snake:4:  minmay_snake_end_coiled, layout_onion_interference,
          portal_ice_cave_entry_dragon, uniq_vashnia
Orc:1:    layout_diamond_mine, serial_shops, shop
Orc:2:    hellmonk_orc_salted, layout_diamond_mine, minmay_orc_keep
Elf:1:    nicolae_elf_arrival_aired_out, layout_gridlike,
          nicolae_elf_blasts_and_bolts, wad_dig_loot, grunt_megastairs_3
Elf:2:    nicolae_elf_blades_crystal_corner, layout_loops_corners,
          ebering_ghost_disaster_area, special_room [special_room_mythical_zoo],
          minivault_27
Elf:3:    grunt_elf_hall_asides, layout_geoelf_octagon
Vaults:1: nicolae_vaults_network_square, nicolae_vaults_sightless_eye,
          ontoclasm_vaults_pinch, nicolae_vaults_twisting_passages,
          nicolae_vaults_tetromino_L_1, ontoclasm_vaults_fault,
          vaults_room_corners, grunt_vaults_diagonal,
          serial_library_hellmonk_open_cross, vaults_dpeg_ring, v_misc_4,
          nicolae_vaults_alarming, v_misc_24, ontoclasm_vaults_shuriken,
          layout_vaults_omnicross
Vaults:2: v_misc_3, nicolae_vaults_diamond_2, dpeg_vaults_monster_box,
          nicolae_vaults_closet_pinwheel_2, nicolae_vaults_little_squares_4,
          v_misc_17, nicolae_vaults_stairing_the_circle,
          nicolae_vaults_tetromino_L_1, nicolae_vaults_doubleplus_tesselated,
          nicolae_vaults_house_3, nicolae_vaults_specimen_jars, v_misc_1,
          layout_vaults_ring, uniq_norris

Skill      XL: |  1  2  3  4  5  6  7  8  9 10 11 12 13 14 15 16 17 18 19 20 21 |
---------------+----------------------------------------------------------------+-----
Shields        | 3 4 5 6 7 8 9 10 11 12 13 14 | 14.1
Unarmed Combat | 3 4 5 6 8 10 11 13 14 16 17 18 21 22 | 22.7
Fighting       | 3 4 5 6 7 8 9 10 11 12 13 | 13.1
Dodging        | 3 5 6 7 8 9 10 | 10.0
Throwing       | 2 3 |  3.0
Shapeshifting  | 8 11 15 16 17 18 | 18.0
Translocations | 4 7 |  7.0
Air Magic      | 2 8 9 |  9.0

Action                     |  1- 3 |  4- 6 |  7- 9 | 10-12 | 13-15 | 16-18 | 19-21 || total
---------------------------+-------+-------+-------+-------+-------+-------+-------++-------
  Melee: Unarmed           |    90 |   101 |   299 |   776 |   909 |  1179 |  1002 ||  4356
  Throw: Stone             |     5 |       |     4 |     8 |       |       |       ||    17
         Boomerang         |       |       |       |     3 |     8 |       |       ||    11
   Cast: Blink             |       |       |       |       |       |       |     1 ||     1
 Invoke: Heavenly Storm    |       |       |       |     1 |     2 |     4 |     6 ||    13
         Serpent's Lash    |       |       |       |     3 |     3 |     1 |       ||     7
Ability: Lunge             |     8 |    14 |    32 |    58 |    74 |    99 |   110 ||   395
         Whirlwind         |       |    13 |     9 |    64 |   209 |   403 |   398 ||  1096
         Wall Jump         |       |       |       |       |     1 |     1 |     1 ||     3
  Evoke: Sack of spiders   |       |       |       |     1 |     1 |       |       ||     2
         Wand              |       |       |       |     1 |       |       |       ||     1
    Use: Scroll            |     2 |     6 |     8 |    10 |     6 |     6 |     6 ||    44
         Potion            |       |       |     5 |     5 |     1 |       |     4 ||    15
   Stab: Sleeping          |       |     1 |       |       |       |       |       ||     1
         Invisible         |       |       |     1 |       |       |       |       ||     1
         Petrified         |       |       |       |       |     6 |       |       ||     6
         Petrifying        |       |       |       |       |     1 |       |       ||     1
         Distracted        |       |       |       |       |       |       |     1 ||     1
 Armour: Robe              |    36 |    55 |   144 |   459 |   116 |       |       ||   810
         Troll leather arm |       |       |       |       |   265 |   333 |       ||   598
         Skin              |       |       |       |       |       |   471 |   619 ||  1090
  Dodge: Dodged            |    28 |    23 |    75 |   229 |   214 |   454 |   369 ||  1392
  Block: Kite shield       |    33 |    32 |   106 |   327 |   401 |   401 |       ||  1300
         Tower shield      |       |       |       |       |       |   732 |  1127 ||  1859
   Form: Statue            |       |       |       |       |       |     1 |       ||     1

Table legend: (Time is in decaauts)
 A = Elapsed time spent in this place.
 B = Non-inter-level travel time spent in this place.
 C = Inter-level travel time spent in this place.
 D = Time resting spent in this place.
 E = Time spent auto-exploring this place.
 F = Levels seen in this place.
 G = Mean time per level.
                   A        B        C        D        E       F      G
               +--------+--------+--------+--------+--------+-----+--------+
         Total |  40008 |  35545 |   4463 |    504 |  25494 |  38 | 1052.8 |
       Dungeon |  13835 |  11857 |   1978 |    145 |   9026 |  15 |  922.3 |
          Lair |   6872 |   5984 |    888 |    277 |   4158 |   5 | 1374.4 |
        Shoals |   4591 |   4408 |    183 |      0 |   3213 |   4 | 1147.8 |
     Snake Pit |   4626 |   4302 |    324 |     19 |   3102 |   4 | 1156.5 |
  Orcish Mines |   2176 |   1464 |    712 |      3 |    965 |   2 | 1088.0 |
   Elven Halls |   4320 |   4049 |    271 |      0 |   2802 |   3 | 1440.0 |
        Vaults |   2479 |   2373 |    106 |     55 |   1738 |   2 | 1239.5 |
       Ossuary |    183 |    183 |      0 |      0 |     16 |   1 |  183.0 |
        Bailey |    387 |    387 |      0 |      0 |    182 |   1 |  387.0 |
      Gauntlet |    535 |    535 |      0 |      4 |    291 |   1 |  535.0 |
               +--------+--------+--------+--------+--------+-----+--------+

Top non-repeatable levels by time:
   Elf:2: 1865 daAuts
Vaults:1: 1674 daAuts
  Lair:1: 1651 daAuts
  Lair:2: 1588 daAuts
   Orc:2: 1582 daAuts
    D:12: 1459 daAuts
    D:11: 1418 daAuts
   Elf:1: 1345 daAuts
  Lair:3: 1331 daAuts
  Lair:5: 1287 daAuts
 Snake:4: 1252 daAuts
 Snake:2: 1231 daAuts
Shoals:4: 1182 daAuts
Shoals:2: 1174 daAuts
 Snake:1: 1151 daAuts
